 Dungeon Crawl Stone Soup version 0.31-a0-187-gba352fbbf7 (webtiles) character file.

Game seed: 13671728778679084414

27 qw the Shooter (level 2, -1/16 HPs)
             Began as a Deep Elf Hunter on June 22, 2023.
             Slain by a kobold
             ... wielding a +0 whip
              (3 damage)
             ... on level 1 of the Dungeon.
             The game lasted 00:00:08 (366 turns).

qw the Shooter (Deep Elf Hunter)                     Turns: 366, Time: 00:00:09

Health: -1/16      AC:  3    Str:  8    XL:     2   Next: 93%
Magic:  4/4        EV: 12    Int: 13    God:
Gold:   57         SH:  0    Dex: 18    Spells: 1/1 levels left

rFire   . . .        a - +0 shortbow
rCold   . . .        (shield currently unavailable)
rNeg    . . .        c - +0 leather armour
rPois   .            (no helmet)
rElec   .            (no cloak)
rCorr   .            (no gloves)
SInv    .            (no boots)
Will    .....        (no amulet)
Stlth   ++           (no ring)
HPRegen 0.22/turn    (no ring)
MPRegen 0.09/turn

%: no passive effects
@: no status effects
A: no striking features
a: no special abilities


You were on level 1 of the Dungeon.
You visited 1 branch of the dungeon, and saw 1 of its levels.

You collected 57 gold pieces.


   Skills:
 - Level 1.5 Fighting
 + Level 6.6 Ranged Weapons
 - Level 2.4 Dodging
 - Level 1.2 Stealth


You had one spell level left.
You didn't know any spells.
Your spell library was empty.

Inventory:

Hand Weapons
 a - a +0 shortbow (weapon)
Armour
 c - a +0 leather armour (worn)
Scrolls
 b - a scroll of butterflies
 f - a scroll of amnesia {unknown}
 g - a scroll of immolation {unknown}
Potions
 d - 2 potions of attraction {unknown}
 e - a potion of haste {unknown}
 h - a potion of degeneration {unknown}

Dungeon Overview and Level Annotations

Branches:
Dungeon (1/15)

Altars:


Message History

You shoot an arrow. The arrow barely misses the jackal.
The jackal barely misses you.
You shoot an arrow. The arrow hits the jackal.
You kill the jackal!
The jackal bites you but does no damage.
You shoot an arrow. The arrow closely misses the jackal.
The jackal barely misses you. The jackal bites you.
You shoot an arrow. The arrow barely misses the jackal.
The jackal bites you but does no damage.
A ball python comes into view.
You shoot an arrow. The ball python hisses angrily.
The arrow hits the jackal but does no damage.
The jackal bites you. x2
You shoot an arrow. The arrow barely misses the jackal.
The jackal bites you but does no damage.
A kobold comes into view. It is wielding a +0 whip.
The jackal bites you but does no damage.
You shoot an arrow. The arrow misses the jackal.
The kobold shouts!
The jackal bites you.
You shoot an arrow. The arrow closely misses the jackal.
The jackal bites you. The jackal misses you.
You shoot an arrow. The arrow closely misses the jackal.
The jackal bites you.
You shoot an arrow. The arrow hits the jackal.
You kill the jackal!
The ball python bites you. The ball python grabs you.
The ball python constricts you.
You shoot an arrow. The arrow hits the ball python!
You kill the ball python!
You shoot an arrow. The arrow completely misses the kobold.
The kobold hits you with a +0 whip.
You shoot an arrow. The arrow closely misses the kobold.
The kobold hits you with a +0 whip.
You shoot an arrow. The arrow barely misses the kobold.
The kobold closely misses you.
You shoot an arrow. The arrow barely misses the kobold.
The kobold hits you with a +0 whip.
You die...

#....# #.###.##
#.# ##.####.##
##.###.# #..# #.#
##....### .#.#
##.# ##.........
##.#
#.###.#.#######
#.# #..#.##.#
#.#####.#.###.#
#.........###.####
#######........@%#
###.###.##K# #.#
#.# .# #.# #.# ..
#.# #.. ..# #..
### #.. ### #.# .#


You could see a kobold.

Vanquished Creatures
  A gnoll (D:1)
  2 ball pythons (D:1)
  An endoplasm (D:1)
  2 goblins (D:1)
  A hobgoblin (D:1)
  3 jackals (D:1)
  A kobold (D:1)
  A bat (D:1)
  2 frilled lizards (D:1)
  A rat (D:1)
15 creatures vanquished.

Notes
Turn   | Place    | Note
-------+----------+-------------------------------------------
     0 | D:1      | qw the Deep Elf Hunter began the quest for the Orb.
     0 | D:1      | Reached XP level 1. HP: 12/12 MP: 3/3
     0 | D:1      | 0 ||| qw: Version: 0.3-a-9-g12657ce
     0 | D:1      | 0 ||| qw: Game counter: 2057
     0 | D:1      | 0 ||| qw: Always use a shield: true
     0 | D:1      | 0 ||| qw: God list: Okawaru
     0 | D:1      | 0 ||| qw: Allow faded altars: false
     0 | D:1      | 0 ||| qw: Do Orc after D:15 true
     0 | D:1      | 0 ||| qw: Do second Lair branch before Depths: true
     0 | D:1      | 0 ||| qw: Lair rune preference: random
     0 | D:1      | 0 ||| qw: Plans: Normal
     0 | D:1      | 0 ||| PLANNING D:1-11
     6 | D:1      | Noticed a rime drake
     6 | D:1      | Noticed a redback
     7 | D:1      | Noticed a snapping turtle
     7 | D:1      | Noticed a polar bear
   221 | D:1      | Reached skill level 6 in Ranged Weapons
   221 | D:1      | Reached XP level 2. HP: 16/16 MP: 4/4
   363 | D:1      | HP: 4/16 [kobold/+0 whip (3)]
   364 | D:1      | HP: 1/16 [kobold/+0 whip (3)]
   366 | D:1      | Slain by a kobold

Levels and vault maps discovered:
D:1:      onia_arrival_zoo_common, layout_loops_ring, serial_shops, shop

Skill      XL: |  1 |
---------------+----+-----
Ranged Weapons | 6 |  6.6
Fighting       | |  1.5
Dodging        | |  2.4
Stealth        | |  1.2

Action                     || total
---------------------------++-------
   Fire: Shortbow          ||    39
 Armour: Leather armour    ||     5
  Dodge: Dodged            ||     6

Table legend:
 A = Non-vault XP
 B = Vault XP
 C = Vault XP percentage of total XP
 D = Non-vault monster count
 E = Vault monster count
 F = Vault count percentage of total count
                 A         B        C        D         E       F
            +---------+---------+-------+---------+---------+-------
      Total |      39 |       0 |   0.0 |      15 |       0 |   0.0
            +---------+---------+-------+---------+---------+-------
        D:1 |      39 |       0 |   0.0 |      15 |       0 |   0.0
            +---------+---------+-------+---------+---------+-------
